 Dungeon Crawl Stone Soup version 0.30.1-1-g62c8e00024 (webtiles) character file.

Game seed: 1772046113494025927

1656 boopmooplesden the Twirler (level 8, -1/58 (61) HPs)
             Began as a Demonspawn Gladiator on July 16, 2023.
             Was a Believer of Okawaru.
             Slain by a wight
             ... wielding a +0 halberd
              (12 damage)
             ... on level 7 of the Dungeon.
             The game lasted 00:07:30 (5215 turns).

boopmooplesden the Twirler (Demonspawn Gladiator)   Turns: 5215, Time: 00:07:30

HP:   -1/58 (61)    AC:  4    Str: 20    XL:     8   Next: 68%
MP:   7/8           EV: 14    Int:  9    God:    Okawaru [**....]
Gold: 358           SH:  4    Dex: 17    Spells: 7/7 levels left

rFire   . . .        a - +0 quarterstaff
rCold   . . .        (shield currently unavailable)
rNeg    . . .        G - +2 robe "Wejesok" {Regen+ Str+2}
rPois   .            (helmet restricted)
rElec   .            (no cloak)
rCorr   .            (no gloves)
SInv    +            (no boots)
Will    .....        f - amulet of the acrobat
Stlth   +++          g - ring "Lugaw" {Dex+3 Slay+3 SInv Stlth+}
HPRegen 1.09/turn    (no ring)
MPRegen 0.11/turn

%: acrobat
@: lightly drained
A: horns 1, foul stench 3, condensation shield
a: Renounce Religion, Heroism


You were on level 7 of the Dungeon.
You worshipped Okawaru.
Okawaru was pleased with you.
You visited 1 branch of the dungeon, and saw 7 of its levels.

You collected 358 gold pieces.

Inventory:

Hand Weapons
 a - a +0 quarterstaff (weapon)
Missiles
 d - 2 throwing nets (quivered)
 e - a javelin
Armour
 b - a +0 leather armour
 c - a +0 helmet
 q - a +1 ring mail
 G - the +2 robe "Wejesok" (worn) {Regen+ Str+2}
   (You found it on level 5 of the Dungeon)

   Str:       It affects your strength (+2).
   Regen:     It increases your rate of health regeneration.
Jewellery
 f - an amulet of the acrobat (around neck)
 g - the ring "Lugaw" (left hand) {Dex+3 Slay+3 SInv Stlth+}
   (You acquired it on level 3 of the Dungeon)

   [ring of see invisible]

   Dex:       It affects your dexterity (+3).
   Slay:      It affects your accuracy & damage with ranged weapons and melee
   (+3).
   SInv:      It lets you see invisible.
   Stlth:     It makes you more stealthy.
 i - a ring of fire
 n - a +6 ring of intelligence
 B - a ring of protection from fire
 I - an amulet of guardian spirit
Wands
 r - a wand of mindburst (4)
 u - a wand of flame (4)
 v - a wand of roots (21)
Scrolls
 p - 4 scrolls of vulnerability
 t - 2 scrolls of teleportation
 E - a scroll of enchant armour
 F - a scroll of magic mapping
 H - 2 scrolls of blinking
Potions
 h - a potion of magic {unknown}
 j - a potion of heal wounds
 l - 2 potions of ambrosia
 m - a potion of mutation {unknown}
 o - 3 potions of cancellation
 s - a potion of brilliance
 w - 2 potions of might {unknown}
 x - a potion of attraction {unknown}
 A - 3 potions of flight
 C - 3 potions of curing
 D - 2 potions of degeneration {unknown}
Miscellaneous
 z - a piece from Xom's chessboard (15/15)


   Skills:
 + Level 4.4 Fighting
 + Level 7.2 Staves
 + Level 2.0 Throwing
 + Level 4.1 Armour
 + Level 4.7 Dodging
 + Level 2.5 Stealth
 + Level 0.5 Shields


You had 7 spell levels left.
You didn't know any spells.
Your spell library contained the following spells:

 Spells                   Type           Power      Damage    Failure   Level
 Magic Dart               Conj           0%         1d3       38%         1
 Searing Ray              Conj           0%         2d4       52%         2
 Fulminant Prism          Conj/Hex       0%         3d5       99%         4


Dungeon Overview and Level Annotations

Branches:
Dungeon (7/15)             Temple (0/1) D:7

Altars:
Ashenzari
Gozag
Hepliaklqana
Nemelex Xobeh
Okawaru
Uskayaw
Xom
Yredelemnul


Innate Abilities, Weirdness & Mutations

You have a pair of small horns on your head.
You frequently emit foul miasma when damaged in melee.
A meltable shield of frost defends you. (SH +4)


Message History

The wight barely misses you. The wight hits you with a +0 war axe.
You emit a cloud of foul miasma!
You sock the wight!
You destroy the wight!
Okawaru accepts your kill.
Your life force feels restored.
The wight completely misses you. x2; The wight hits you with a +0 halberd.
You feel drained.
You emit a cloud of foul miasma!
Things that are here:
a +0 war axe; a +0 robe You block the wight's attack.
You thump the wight!
You headbutt the wight, but do no damage.
The wight is heavily damaged.
The wight hits you with a +0 dagger.
You feel drained. You block the wight's attack.
You hit the wight.
The wight is severely damaged.
The wight closely misses you. The wight hits you with a +0 dagger.
You sock the wight!
You destroy the wight!
Okawaru accepts your kill.
You feel like a meek peon again. The wight completely misses you. x2
You closely miss the wight. Your headbutt misses the wight.
You block the wight's attack.
The wight hits you from afar with a +0 halberd.
You hit the wight. Your headbutt misses the wight.
The wight is lightly damaged.
The wight hits you with a +4 halberd of freezing!
* * * LOW HITPOINT WARNING * * *
You feel drained.
* * * LOW HITPOINT WARNING * * *
The wight freezes you.
* * * LOW HITPOINT WARNING * * *
The wight misses you.
You hit the wight.
The wight is heavily damaged.
The wight hits you from afar with a +0 halberd!
You die...

## # ..#...###.#.# .###.
...#....##.#.# ...
#...###.. #.....#.... ...
#....#.###.#....###.# ....
#.....#...###...###.#
..... #.z..#....#.###.##.#
.....###)..#.....#...###..
#.###..z###.#....#....###.
#).....z@.###...#.....##.
..###...###...###.#....##.
.....###.........###...##.
..###...###...###...###.#.
#....>....###.........##.
..###...###...###...###...
.....###.........###...#
..###...###...######...#
#.........###.......#.#


You could see 2 wights.

Vanquished Creatures
  Grinder (D:4)
  A wyvern (D:7)
  Edmund (D:5)
  An ogre (D:5)
  A centaur (D:5)
  A phantom (D:5)
  Blork the orc (D:6)
  A scorpion (D:5)
  2 wights (D:7)
  A howler monkey (D:6)
  An electric eel (D:6)
  3 hounds
  2 jellies (D:6)
  An orc priest (D:3)
  3 sleepcaps (D:5)
  Natasha (twice) (D:4)
  3 iguanas
  3 orc wizards
  6 adders
  A shadow imp (D:5)
  A white imp (D:5)
  An ufetubus (D:5)
  3 worms
  4 dart slugs
  15 orcs
  7 ball pythons
  3 bats
  5 endoplasms
  3 giant cockroaches
  7 hobgoblins
  7 quokkas
  5 frilled lizards
  9 goblins
  10 kobolds
  4 rats
  A butterfly (D:3)
121 creatures vanquished.

Notes
Turn   | Place    | Note
-------+----------+-------------------------------------------
     0 | D:1      | boopmooplesden the Demonspawn Gladiator began the quest for
                  | the Orb.
     0 | D:1      | Reached XP level 1. HP: 16/16 MP: 1/1
   164 | D:1      | Gained mutation: You may rarely emit foul miasma when
                  | damaged in melee. [demonic ancestry]
   164 | D:1      | Reached XP level 2. HP: 22/22 MP: 2/2
   266 | D:1      | Reached skill level 3 in Staves
   442 | D:1      | You fall into a shaft and drop 1 floor!
   486 | D:2      | Gained mutation: You have a pair of small horns on your
                  | head. [demonic ancestry]
   486 | D:2      | Reached XP level 3. HP: 23/27 MP: 3/3
  1211 | D:2      | Reached skill level 1 in Armour
  1211 | D:2      | Gained mutation: You sometimes emit foul miasma when
                  | damaged in melee. [demonic ancestry]
  1211 | D:2      | Reached XP level 4. HP: 29/33 MP: 4/4
  1242 | D:2      | Found a sparkling altar of Nemelex Xobeh.
  1706 | D:3      | Gained mutation: You frequently emit foul miasma when
                  | damaged in melee. [demonic ancestry]
  1706 | D:3      | Reached XP level 5. HP: 11/38 MP: 5/5
  1713 | D:3      | Reached skill level 4 in Staves
  2040 | D:3      | Found a hide-covered altar of Uskayaw.
  2047 | D:3      | Found an iron altar of Okawaru.
  2055 | D:3      | Became a worshipper of Warmaster Okawaru
  2175 | D:3      | Found a shimmering altar of Xom.
  2236 | D:3      | Identified a scroll of acquirement
  2236 | D:3      | Acquired the ring "Lugaw" {Dex+3 Slay+3 SInv Stlth+}
  2326 | D:4      | Noticed Natasha
  2332 | D:4      | Killed Natasha
  2773 | D:4      | Noticed Grinder
  2776 | D:4      | Reached XP level 6. HP: 44/46 MP: 6/6
  2799 | D:4      | HP: 1/46 [Grinder (5)]
  2802 | D:4      | Killed Grinder
  2803 | D:4      | Reached skill level 5 in Staves
  2819 | D:4      | Noticed Natasha
  2823 | D:4      | Killed Natasha
  3228 | D:5      | Entered Level 5 of the Dungeon
  3248 | D:5      | Reached XP level 7. HP: 50/51 MP: 7/7
  3507 | D:5      | Reached skill level 1 in Stealth
  3575 | D:5      | Found a broken altar of Ashenzari.
  3633 | D:5      | Noticed Edmund
  3641 | D:5      | Killed Edmund
  3641 | D:5      | Reached * piety under Okawaru
  3646 | D:5      | Reached skill level 6 in Staves
  3967 | D:5      | Gained mutation: A meltable shield of frost defends you.
                  | (SH +4) [demonic ancestry]
  3967 | D:5      | Reached XP level 8. HP: 58/58 MP: 8/8
  4153 | D:5      | Identified the +2 robe "Wejesok" {Regen+ Str+2}
  4400 | D:6      | Found a basalt altar of Yredelemnul.
  4402 | D:6      | Found an opulent altar of Gozag.
  4470 | D:6      | Noticed Blork the orc
  4480 | D:6      | Killed Blork the orc
  4624 | D:6      | Reached ** piety under Okawaru
  4650 | D:6      | Reached skill level 7 in Staves
  4969 | D:6      | Found a hazy altar of Hepliaklqana.
  5146 | D:7      | Found a staircase to the Ecumenical Temple.
  5215 | D:7      | Slain by a wight

Illustrated notes

Levels and vault maps discovered:
D:1:      mushboom_english_gardens, layout_rooms,
          nicolae_kite_square_tiling_tiny
D:2:      layout_loops_cross, basic_altar, nrook_uturn, minmay_tetromino_o4
D:3:      layout_loops_ring, grunt_temple_overflow_open, xom_butterflies,
          minmay_pentomino_pile
D:4:      layout_loops_ring, patterned_corridor, uniq_natasha, uniq_grinder
D:5:      layout_loops_ring, nicolae_ashenzari_skybound, minmay_strange_pillars,
          kennysheep_nondescript, uniq_edmund
D:6:      layout_basic, zin_statuary, mainiacjoe_overflow_alcove_4,
          jmf_multi_god_temple, serial_curves, eino_curves_01, eino_curves_03,
          fountainhead, uniq_blork_the_orc
D:7:      nicolae_BIG_FREAKIN_CUBE, layout_basic, kennysheep_slug_shrine,
          overflow_temple_1_default, amcnicky_altar_gilded, uniq_prince_ribbit1

Skill      XL: |  1  2  3  4  5  6  7  8 |
---------------+-------------------------+-----
Dodging        | 3 4 |  4.7
Staves         | 3 4 5 6 7 |  7.2
Throwing       | 2 |  2.0
Armour         | 1 2 3 4 |  4.1
Fighting       | 3 4 |  4.4
Stealth        | 1 2 |  2.5
Shields        | |  0.5

Action                     |  1- 3 |  4- 6 |  7- 9 || total
---------------------------+-------+-------+-------++-------
  Melee: Quarterstaff      |   108 |   125 |   119 ||   352
         Headbutt          |     9 |    25 |    27 ||    61
  Throw: Throwing net      |       |     2 |       ||     2
 Invoke: Heroism           |       |       |     1 ||     1
    Use: Potion            |       |     4 |       ||     4
         Scroll            |       |     9 |     5 ||    14
   Stab: Sleeping          |       |     2 |     3 ||     5
 Armour: Leather armour    |    16 |       |       ||    16
         Ring mail         |    13 |    34 |    15 ||    62
         Robe              |       |       |     4 ||     4
  Dodge: Dodged            |    64 |    76 |    81 ||   221
  Block: Other             |       |       |    11 ||    11
